 Dungeon Crawl Stone Soup version 0.31.0-32-g396128a36d (webtiles) character file.

Game seed: 13050279932062184657

1395 mparten the Cleaver (level 8, -5/71 HPs)
             Began as a Minotaur Fighter on Mar 31, 2024.
             Was a Follower of Qazlal.
             Slain by a gnoll sergeant
             ... wielding a +1 trident of protection
              (14 damage)
             ... on level 7 of the Dungeon.
             The game lasted 00:08:05 (4988 turns).

mparten the Cleaver (Minotaur Fighter)              Turns: 4988, Time: 00:08:05

Health: -5/71      AC: 12    Str: 23    XL:     8   Next: 41%
Magic:  7/7        EV:  6    Int:  5    God:    Qazlal [*.....]
Gold:   255        SH:  6    Dex: 10    Spells: 7/7 levels left

rFire   . . .        a - +0 war axe
rCold   . . .        c - +0 buckler
rNeg    . . .        b - +0 plate armour
rPois   .            (helmet restricted)
rElec   .            (no cloak)
rCorr   .            (no gloves)
SInv    .            (no boots)
Will    .....        (no amulet) Stlth
                     (no ring)
HPRegen 0.31/turn    (no ring)
MPRegen 0.10/turn

%: no passive effects
@: no status effects
A: horns 2, retaliatory headbutt
a: Renounce Religion


You were on level 7 of the Dungeon.
You worshipped Qazlal.
Qazlal was aware of your devotion.
You visited 2 branches of the dungeon, and saw 8 of its levels.

You collected 255 gold pieces.

Inventory:

Hand Weapons
 a - a +0 war axe (weapon)
Armour
 b - a +0 plate armour (worn)
 c - a +0 buckler (worn)
 w - a +0 chain mail
Wands
 j - a wand of flame (2)
 u - a wand of paralysis (10)
Scrolls
 e - 6 scrolls of identify {unknown}
 k - 2 scrolls of fog {unknown}
 l - a scroll of fear {unknown}
 o - 3 scrolls of poison {unknown}
 q - a scroll of revelation {unknown}
 t - a scroll of teleportation {unknown}
Potions
 d - 2 potions of might
 f - 2 potions of degeneration {unknown}
 g - 2 potions of attraction {unknown}
 h - a potion of berserk rage {unknown}
 i - 3 potions of curing {unknown}
 m - a potion of heal wounds {unknown}
 n - 2 potions of resistance {unknown}
 p - 2 potions of haste {unknown}
 r - a potion of mutation {unknown}
 s - 2 potions of magic {unknown}
 v - a potion of enlightenment {unknown}


   Skills:
 + Level 6.6 Fighting
 * Level 8.2 Axes
 + Level 6.5 Armour
 + Level 6.6 Shields


You had 7 spell levels left.
You didn't know any spells.
Your spell library contained the following spells:

 Spells                   Type           Power      Damage    Failure   Level
 Slow                     Hex            0%         N/A       100%        1
 Sting                    Conj/Alch      0%         1d3       100%        1
 Mercury Vapours          Alch/Air       0%         N/A       100%        2
 Confusing Touch          Hex            0%         N/A       100%        3
 Inner Flame              Hex/Fire       0%         N/A       100%        3
 Sigil of Binding         Hex            0%         N/A       100%        3
 Vampiric Draining        Necr           0%         2d6       100%        3
 Olgreb's Toxic Radiance  Alch           0%         N/A       100%        4
 Irradiate                Conj/Alch      0%         3d11      100%        5
 Ignition                 Fire           0%         3d3       100%        8


Dungeon Overview and Level Annotations

Branches:
Dungeon (7/15)             Temple (1/1) D:4

Altars:
Ashenzari
Dithmenos
Elyvilon
Fedhas
Hepliaklqana
Kikubaaqudgha
Makhleb
Nemelex Xobeh
Qazlal
Ru
Sif Muna
Trog
Uskayaw
Vehumet
Wu Jian
Xom
Yredelemnul
Zin

Shops:
D:3 [


Innate Abilities, Weirdness & Mutations

You have a pair of horns on your head.
You reflexively headbutt those who attack you in melee.


Message History

The gnoll barely misses you. You furiously retaliate!
You headbutt the gnoll!
You kill the gnoll!
Qazlal accepts your kill. The gnoll barely misses you.
The gnoll sergeant closely misses you.
The gnoll hits you from afar with a +0 halberd.
You take 3 damage, and have 38/71 hp.
You block the sleepcap's attack. The gnoll hits you with a +0 whip.
The gnoll sergeant hits you with a +1 trident of protection!
The gnoll closely misses you.
Items here: )) ††.
You take 13 damage, and have 25/71 hp.
You hit the gnoll.
The gnoll is heavily wounded.
You hit the sleepcap but do no damage. You completely miss the gnoll sergeant.
The sleepcap barely misses you.
The gnoll hits you from afar with a +0 halberd!
* * * LOW HITPOINT WARNING * * *
The gnoll hits you with a +0 whip.
* * * LOW HITPOINT WARNING * * *
The gnoll sergeant hits you with a +1 trident of protection.
* * * LOW HITPOINT WARNING * * *
You take 17 damage, and have 8/71 hp.
MASSIVE DAMAGE!!
You slash the gnoll!
You kill the gnoll!
Qazlal accepts your kill.
You hit the sleepcap. You hit the gnoll sergeant.
The sleepcap releases spores at you but does no damage.
The gnoll throws a throwing net.
The throwing net completely misses you. The gnoll sergeant closely misses you.
The gnoll barely misses you.
The gnoll sergeant hits you but does no damage.
Things that are here:
a +0 whip; a gnoll corpse You slash the gnoll sergeant!
Your headbutt misses the gnoll sergeant.
The gnoll sergeant is heavily wounded.
You hit the gnoll. You hit the sleepcap but do no damage.
The gnoll barely misses you.
The gnoll sergeant hits you with a +1 trident of protection!
You die...

.. #.. #. #######.. #.
#........ #.###<
#.......# ###.##..
#.......# #..........
#.......######..#.#.#)#.
#.....g.##... ..#.#.#.#.
#.....g@##.####.#.#.#.#.
#$.....f○.......#.#.#.#.
#.......).......#.#.#.#.
#.......................
#........(.....#..#####.
#.......##.#.....## ##
##########.#.##### #.#.#
#.#.#


You could see a sleepcap, a gnoll sergeant and a gnoll.

Vanquished Creatures
  A water moccasin (D:6)
  2 ice beasts
  2 centaurs
  A phantom (D:5)
  Blork the orc (D:4)
  A scorpion (D:6)
  3 bombardier beetles
  2 orc priests
  A hound (D:4)
  2 jellies
  Terence (D:2)
  A sleepcap (D:5)
  Jessica (D:2)
  4 iguanas
  2 orc wizards (D:5)
  Robin (D:2)
  7 gnolls
  9 adders
  2 white imps (D:5)
  3 ribbon worms
  16 orcs
  4 ball pythons
  2 bats
  4 endoplasms
  6 giant cockroaches
  14 goblins
  6 hobgoblins
  6 jackals
  5 kobolds
  2 quokkas
  2 frilled lizards (D:2)
  3 rats
117 creatures vanquished.

Notes
Turn   | Place    | Note
-------+----------+-------------------------------------------
     0 | D:1      | mparten the Minotaur Fighter began the quest for the Orb.
     0 | D:1      | Reached XP level 1. HP: 19/19 MP: 0/0
   421 | D:1      | Reached XP level 2. HP: 27/27 MP: 1/1
   483 | D:2      | Reached skill level 3 in Axes
   510 | D:2      | Noticed Jessica
   513 | D:2      | Killed Jessica
   514 | D:2      | Reached XP level 3. HP: 33/33 MP: 2/2
   630 | D:2      | Noticed Robin
   639 | D:2      | Killed Robin
   643 | D:2      | Reached XP level 4. HP: 10/40 MP: 3/3
  1019 | D:2      | Reached skill level 4 in Axes
  1057 | D:2      | Noticed Terence
  1063 | D:2      | Killed Terence
  1349 | D:3      | Reached XP level 5. HP: 47/47 MP: 4/4
  1369 | D:3      | Found Otisukha's Armour Emporium.
  1640 | D:3      | HP: 1/47 [burnt (4)]
  2118 | D:4      | Noticed Blork the orc
  2127 | D:4      | Killed Blork the orc
  2128 | D:4      | Reached skill level 5 in Axes
  2128 | D:4      | Reached XP level 6. HP: 22/55 MP: 5/5
  2281 | D:4      | Reached skill level 5 in Fighting
  2281 | D:4      | Reached skill level 5 in Shields
  2296 | D:4      | Reached skill level 5 in Armour
  2724 | D:4      | Found a staircase to the Ecumenical Temple.
  2886 | Temple   | Entered the Ecumenical Temple
  2901 | Temple   | Became a worshipper of Qazlal Stormbringer
  3015 | D:5      | Entered Level 5 of the Dungeon
  3031 | D:5      | Reached skill level 6 in Axes
  3243 | D:5      | Reached XP level 7. HP: 59/61 MP: 6/6
  3990 | D:6      | Found a broken altar of Ashenzari.
  3990 | D:6      | Found a hide-covered altar of Uskayaw.
  3990 | D:6      | Found a bloodstained altar of Trog.
  4000 | D:6      | Reached skill level 7 in Axes
  4374 | D:6      | Reached * piety under Qazlal
  4375 | D:6      | Reached XP level 8. HP: 70/70 MP: 7/7
  4925 | D:7      | Reached skill level 8 in Axes
  4988 | D:7      | Slain by a gnoll sergeant

Illustrated notes

Levels and vault maps discovered:
D:1:      dpeg_arrival_court, layout_rooms
D:2:      layout_loops_cross, uniq_robin, uniq_terence, uniq_jessica
D:3:      minmay_evil_eye, layout_rooms, serial_shops,
          nicolae_shop_temple_entry_statues_fountains,
          chequers_serial_rivers_room_b, chequers_big_river
D:4:      layout_cave_pools, minmay_temple_entry_glass, serial_bayou_crossing,
          uniq_blork_the_orc
D:5:      layout_loops_ring
D:6:      layout_gridville, chequers_temple_overflow_statue_of_worship,
          minivault_22
D:7:      layout_basic, minmay_misc_feat_rows, uniq_joseph, uniq_menkaure
Temple:   hellmonk_temple_of_storms

Skill      XL: |  1  2  3  4  5  6  7  8 |
---------------+-------------------------+-----
Axes           | 3 4 5 6 7 8 |  8.2
Fighting       | 4 5 6 |  6.6
Armour         | 4 5 6 |  6.5
Shields        | 4 5 6 |  6.6

Action                     |  1- 3 |  4- 6 |  7- 9 || total
---------------------------+-------+-------+-------++-------
  Melee: War axe           |    44 |   137 |   108 ||   289
         Headbutt          |     4 |    24 |    23 ||    51
 Armour: Scale mail        |    39 |    91 |    75 ||   205
         Chain mail        |       |       |    10 ||    10
         Plate armour      |       |       |    30 ||    30
  Dodge: Dodged            |    27 |    53 |    50 ||   130
  Block: Buckler           |    13 |    35 |    25 ||    73
